Map: Alcyone LE

Players

nomirrors - Winner!

  • Race: Terran Terran
  • League: Gold
  • Spawn Location: 1:00

VOD

https://www.youtube.com/watch?v=x9KbksEJ720

Description

poorly performed TvP mech cheese based on https://www.youtube.com/watch?v=x9KbksEJ720
double gas, into widow mine drop then into 4 fact cyclone, tank, lib push

Time

  • Played on: Aug. 1, 2024, 11:13 p.m.
  • Length: 13:36
Show
View Real Time Build Order
Export as new Build Order

nomirrors Terran - Winner!

Build Orders:  

Get SALT Encoding   

  12  0:00  SCV  
  13  0:17  SCV  
  14  0:28  Supply Depot  
  14  0:34  SCV  
  15  0:58  SCV  
  16  1:02  Barracks  
  16  1:07  Refinery  
  16  1:15  SCV  
  17  1:21  Refinery  
  17  1:32  SCV  
  18  1:49  SCV  
  19  2:08  Orbital Command  
  19  2:09  Supply Depot  
  20  2:13  Reaper  
  20  2:36  Factory  
  20  2:46  SCV  
  21  3:03  Barracks Reactor  
  21  3:07  SCV  
  22  3:11  Command Center  
  22  3:24  SCV  
  23  3:41  SCV  
  23  3:43  Unknown  
  23  3:45  Widow Mine  
  24  3:58  SCV  
  24  3:59  Starport  
  27  4:13  Marine x2  
  27  4:15  SCV  
  30  4:37  Supply Depot  
  30  4:38  Supply Depot  
  30  4:41  Widow Mine  
  30  4:49  Marine  
  31  4:51  Medivac, Marine  
  31  4:55  Orbital Command  
  36  5:01  Bunker  
  36  5:11  Widow Mine  
  36  5:12  Refinery  
  36  5:14  Marine  
  36  5:16  Marine  
  38  5:28  SCV  
  41  5:32  SCV  
  42  5:45  SCV  
  42  5:48  Refinery  
  43  5:53  Marine x2  
  43  5:55  Starport Tech Lab  
  45  6:00  Factory Tech Lab  
  45  6:09  SCV x2  
  47  6:12  Raven  
  47  6:25  Siege Tank  
  47  6:26  SCV x2  
  47  6:27  Marine x2  
  56  6:43  SCV x2  
  58  6:50  Factory  
  58  6:56  Factory  
  58  6:57  Factory  
  58  6:59  SCV  
  58  7:00  SCV  
  58  7:03  Marine  
  58  7:04  Marine  
  62  7:47  Supply Depot x2  
  62  7:49  Starport Reactor  
  62  8:04  Factory Reactor  
  62  8:17  Siege Tank, SCV x2  
  67  8:24  Siege Tank  
  67  8:29  Cyclone x2  
  74  8:34  SCV x2  
  76  8:41  Siege Tank  
  76  8:42  Supply Depot  
  76  8:43  Supply Depot  
  76  8:47  Supply Depot  
  76  8:51  SCV x2  
  78  9:08  Command Center  
  78  9:12  Cyclone x2  
  78  9:19  Siege Tank x2  
  94  9:22  Cyclone  
  96  9:58  SCV x2  
  98  10:11  Supply Depot  
  98  10:12  Unknown, Supply Depot  
  98  10:13  Unknown  
  98  10:19  Siege Tank x2  
  101  10:20  Siege Tank  
  101  10:22  Armory  
  93  10:42  Siege Tank x2  
  91  11:12  Unknown  
  91  11:19  Cyclone x3  
  97  11:20  Cyclone  
  97  11:24  Siege Tank  
  97  11:25  Siege Tank  
  108  11:34  Unknown  
  108  11:37  Siege Tank x2  
  108  11:38  Siege Tank  
  108  11:39  Siege Tank x2  
  108  11:44  Unknown  
  107  12:08  Cyclone x2  
  107  12:09  Cyclone x2  
  115  12:12  Siege Tank x2  
  115  12:13  Siege Tank x2  
  115  12:18  Command Center  
  115  12:20  Supply Depot  
  115  12:21  Supply Depot  
  115  12:22  Unknown  
  115  12:37  Unknown  
Tags
 
League
Gold
Matchup
Co-op
Add a new tag
Caveats
  • Supply blocks, unpowered buildings, or Contaminate may cause inaccurate times.
  • Supply counts are checked every 10 seconds.